TOP OF THE 1ST |
Wisconsin Timber Rattlers batting - Pitching for Cape Cod Clams : RHP Alberto Parra
|
Pitching: RHP Alberto Parra
|
|
Batting: RHB Greg King
|
0-0: Called Strike 0-1: Fly out, F7 (Flyball, 7)
|
Batting: RHB Dick Slagboom
|
0-0: Called Strike 0-1: Ball 1-1: Ball 2-1: Foul Ball, location: 2F 2-2: Foul Ball, location: 2F 2-2: Ball 3-2: Ground out 6-3 (Groundball, 6S)
|
Batting: LHB George Smith
|
0-0: Foul Ball, location: 2F 0-1: Ball 1-1: Ground out U3 (Groundball, 3)
|
Top of the 1st over - 0 run(s), 0 hit(s), 0 error(s), 0 left on base; Wisconsin 0 - Cape Cod 0 |
BOTTOM OF THE 1ST |
Cape Cod Clams batting - Pitching for Wisconsin Timber Rattlers : RHP Guy Hebert
|
Pitching: RHP Guy Hebert
|
|
Batting: RHB Max Jones
|
0-0: Called Strike 0-1: Ball 1-1: Swinging Strike 1-2: Foul Ball, location: 2F 1-2: Ball 2-2: Ground out 6-3 (Groundball, 6)
|
Batting: RHB Gerald Burnett
|
0-0: Called Strike 0-1: Foul Ball, location: 2F 0-2: Foul Ball, location: 2F 0-2: Ball 1-2: Foul Ball, location: 2F 1-2: Fly out, F4 (Popup, 4MS)
|
Batting: LHB Sixto Cantú
|
0-0: Called Strike 0-1: Ball 1-1: Foul Ball, location: 2F 1-2: Ground out 4-3 (Groundball, 4)
|
Bottom of the 1st over - 0 run(s), 0 hit(s), 0 error(s), 0 left on base; Wisconsin 0 - Cape Cod 0 |
TOP OF THE 2ND |
Wisconsin Timber Rattlers batting - Pitching for Cape Cod Clams : RHP Alberto Parra
|
Batting: RHB Vicente Vélez
|
0-0: Reached on error, E5 (Groundball, 56)
|
Batting: RHB Shawn Marshall
|
0-0: Called Strike 0-1: Foul Ball, location: 2F 0-2: Ball 1-2: Ground out U3 (Groundball, 3) Vicente Vélez to third
|
Batting: RHB William Farmer
|
0-0: DOUBLE (Groundball, 3L) Vicente Vélez scores
|
Batting: RHB Bailey Ramsey
|
0-0: Foul Ball, location: 2F 0-1: Ball 1-1: Called Strike 1-2: Foul Ball, location: 2F 1-2: Reached on error, E5 (Groundball, 56S) William Farmer to third
|
Batting: RHB Danny Campbell
|
0-0: Ball Wild Pitch! William Farmer scores Bailey Ramsey to second 1-0: Fly out, F6 (Popup, 6)
|
Batting: SHB José López
|
0-0: Foul Ball, location: 2F 0-1: Ball 1-1: Foul Ball, location: 2F 1-2: Strikes out swinging
|
Top of the 2nd over - 2 run(s), 1 hit(s), 2 error(s), 1 left on base; Wisconsin 2 - Cape Cod 0 |
BOTTOM OF THE 2ND |
Cape Cod Clams batting - Pitching for Wisconsin Timber Rattlers : RHP Guy Hebert
|
Batting: RHB Carlos García
|
0-0: Ball 1-0: Ground out 5-3 (Groundball, 56S)
|
Batting: LHB Tom Waller
|
0-0: Foul Ball, location: 2F 0-1: Ball 1-1: Ball 2-1: Called Strike 2-2: Ball 3-2: Strikes out swinging
|
Batting: RHB Danny Crouch
|
0-0: Ball 1-0: Ball 2-0: Foul Ball, location: 2F 2-1: Foul Ball, location: 2F 2-2: Strikes out swinging
|
Bottom of the 2nd over - 0 run(s), 0 hit(s), 0 error(s), 0 left on base; Wisconsin 2 - Cape Cod 0 |
TOP OF THE 3RD |
Wisconsin Timber Rattlers batting - Pitching for Cape Cod Clams : RHP Alberto Parra
|
Batting: RHB Greg King
|
0-0: Ground out 6-3 (Groundball, 6MS)
|
Batting: RHB Dick Slagboom
|
0-0: Ball 1-0: Swinging Strike 1-1: Called Strike 1-2: Ball 2-2: Foul Ball, location: 2F 2-2: Foul Ball, location: 2F 2-2: Ball 3-2: Ground out 6-3 (Groundball, 6)
|
Batting: LHB George Smith
|
0-0: Ball 1-0: Ground out 6-3 (Groundball, 6)
|
Top of the 3rd over - 0 run(s), 0 hit(s), 0 error(s), 0 left on base; Wisconsin 2 - Cape Cod 0 |
BOTTOM OF THE 3RD |
Cape Cod Clams batting - Pitching for Wisconsin Timber Rattlers : RHP Guy Hebert
|
Batting: RHB Marcos Castillo
|
0-0: Ball 1-0: Ball 2-0: Ball 3-0: Base on Balls
|
Batting: RHB António Magana
|
0-0: Ball 1-0: Called Strike 1-1: Foul Ball, location: 2F 1-2: Grounds into double play, 6-4-3 (Groundball, 6)
|
Batting: RHB Vern Carlton
|
0-0: Hit by Pitch
|
Batting: RHB Max Jones
|
0-0: Called Strike 0-1: Ball 1-1: Foul Ball, location: 2F 1-2: Ball 2-2: Ball 3-2: Foul Ball, location: 2F 3-2: Strikes out swinging
|
Bottom of the 3rd over - 0 run(s), 0 hit(s), 0 error(s), 1 left on base; Wisconsin 2 - Cape Cod 0 |
TOP OF THE 4TH |
Wisconsin Timber Rattlers batting - Pitching for Cape Cod Clams : RHP Alberto Parra
|
Batting: RHB Vicente Vélez
|
0-0: Ball 1-0: Swinging Strike 1-1: Foul Ball, location: 2F 1-2: DOUBLE (Groundball, 5L)
|
Batting: RHB Shawn Marshall
|
0-0: Swinging Strike 0-1: SINGLE (Groundball, 6D) Vicente Vélez to third Runner from 3rd tries for Home, throw and OUT! Shawn Marshall to second
|
Batting: RHB William Farmer
|
0-0: Called Strike 0-1: Foul Ball, location: 2F 0-2: Ball 1-2: Foul Ball, location: 2F 1-2: Foul Ball, location: 2F 1-2: Ball Wild Pitch! Shawn Marshall to third 2-2: Strikes out looking
|
Batting: RHB Bailey Ramsey
|
0-0: Ball 1-0: Ground out 6-3 (Groundball, 6)
|
Top of the 4th over - 0 run(s), 2 hit(s), 0 error(s), 1 left on base; Wisconsin 2 - Cape Cod 0 |
BOTTOM OF THE 4TH |
Cape Cod Clams batting - Pitching for Wisconsin Timber Rattlers : RHP Guy Hebert
|
Batting: RHB Gerald Burnett
|
0-0: Ball 1-0: Fly out, F9 (Flyball, 9LSF)
|
Batting: LHB Sixto Cantú
|
0-0: Called Strike 0-1: Fly out, F9 (Flyball, 9LD)
|
Batting: RHB Carlos García
|
0-0: Ball 1-0: Called Strike 1-1: Ball 2-1: Ball 3-1: Called Strike 3-2: SINGLE (Line Drive, 4D)
|
Batting: LHB Tom Waller
|
0-0: Ball 1-0: SINGLE (Line Drive, 9LS) Carlos García to second
|
Batting: RHB Danny Crouch
|
0-0: Called Strike 0-1: Ball 1-1: Swinging Strike 1-2: Ball 2-2: Strikes out swinging
|
Bottom of the 4th over - 0 run(s), 2 hit(s), 0 error(s), 2 left on base; Wisconsin 2 - Cape Cod 0 |
TOP OF THE 5TH |
Wisconsin Timber Rattlers batting - Pitching for Cape Cod Clams : RHP Alberto Parra
|
Batting: RHB Danny Campbell
|
0-0: Ball 1-0: Fly out, F3 (Line Drive, 34)
|
Batting: SHB José López
|
0-0: Ground out 3-1 (Groundball, 34)
|
Batting: RHB Greg King
|
0-0: Ball 1-0: Foul Ball, location: 2F 1-1: Ball 2-1: Ball 3-1: Called Strike 3-2: Fly out, F7 (Line Drive, 7)
|
Top of the 5th over - 0 run(s), 0 hit(s), 0 error(s), 0 left on base; Wisconsin 2 - Cape Cod 0 |
BOTTOM OF THE 5TH |
Cape Cod Clams batting - Pitching for Wisconsin Timber Rattlers : RHP Guy Hebert
|
Batting: RHB Marcos Castillo
|
0-0: Ground out 6-3 (Groundball, 6)
|
Batting: RHB António Magana
|
0-0: Ball 1-0: SINGLE (Line Drive, 4)
|
Batting: RHB Vern Carlton
|
0-0: Called Strike 0-1: Swinging Strike 0-2: Foul Ball, location: 2F 0-2: Strikes out looking
|
Batting: RHB Max Jones
|
0-0: Ball 1-0: Ball 2-0: Ball 3-0: Base on Balls António Magana to second
|
Batting: RHB Gerald Burnett
|
0-0: Called Strike 0-1: Swinging Strike 0-2: Ball Wild Pitch! António Magana to third Max Jones to second 1-2: Strikes out swinging
|
Bottom of the 5th over - 0 run(s), 1 hit(s), 0 error(s), 2 left on base; Wisconsin 2 - Cape Cod 0 |
TOP OF THE 6TH |
Wisconsin Timber Rattlers batting - Pitching for Cape Cod Clams : RHP Alberto Parra
|
Batting: RHB Dick Slagboom
|
0-0: Ball 1-0: Ball 2-0: Ball 3-0: Called Strike 3-1: Called Strike 3-2: Base on Balls
|
Batting: LHB George Smith
|
0-0: Swinging Strike 0-1: Called Strike 0-2: Fielders Choice at 2nd, 3-6 (Groundball, 3)
|
Batting: RHB Vicente Vélez
|
0-0: Ball 1-0: Grounds into double play, 6-4-3 (Groundball, 6)
|
Top of the 6th over - 0 run(s), 0 hit(s), 0 error(s), 0 left on base; Wisconsin 2 - Cape Cod 0 |
BOTTOM OF THE 6TH |
Cape Cod Clams batting - Pitching for Wisconsin Timber Rattlers : RHP Guy Hebert
|
Batting: LHB Sixto Cantú
|
0-0: Called Strike 0-1: Ball 1-1: Foul Ball, location: 2F 1-2: Ball 2-2: Strikes out swinging
|
Batting: RHB Carlos García
|
0-0: Called Strike 0-1: Ground out 6-3 (Groundball, 6)
|
Batting: LHB Tom Waller
|
0-0: Called Strike 0-1: Ball 1-1: Ball 2-1: Foul Ball, location: 2F 2-2: Ball 3-2: Base on Balls
|
Batting: RHB Danny Crouch
|
0-0: Foul Ball, location: 2F 0-1: Called Strike 0-2: Strikes out looking
|
Bottom of the 6th over - 0 run(s), 0 hit(s), 0 error(s), 1 left on base; Wisconsin 2 - Cape Cod 0 |
TOP OF THE 7TH |
Wisconsin Timber Rattlers batting - Pitching for Cape Cod Clams : RHP Alberto Parra
|
Batting: RHB Shawn Marshall
|
0-0: Called Strike 0-1: Swinging Strike 0-2: Ball 1-2: Strikes out swinging
|
Batting: RHB William Farmer
|
0-0: Foul Ball, location: 2F 0-1: SINGLE (Line Drive, 56)
|
Batting: RHB Bailey Ramsey
|
0-0: SINGLE (Groundball, 6D) William Farmer to second
|
Batting: RHB Danny Campbell
|
0-0: Called Strike 0-1: Ball 1-1: SINGLE (Groundball, 56D) William Farmer to third Bailey Ramsey to second Runner from 3rd tries for Home, SAFE, throw made home Bailey Ramsey to third Danny Campbell to second
|
Batting: SHB José López
|
0-0: Ball 1-0: Ball 2-0: Called Strike 2-1: Fly out, F8 (Line Drive, 8RS) Runner from 3rd tags up, SCORES, no throw
|
Batting: RHB Greg King
|
0-0: Swinging Strike 0-1: Foul Ball, location: 2F 0-2: Foul Ball, location: 2F 0-2: Strikes out swinging
|
Top of the 7th over - 2 run(s), 3 hit(s), 0 error(s), 1 left on base; Wisconsin 4 - Cape Cod 0 |
BOTTOM OF THE 7TH |
Cape Cod Clams batting - Pitching for Wisconsin Timber Rattlers : RHP Guy Hebert
|
Batting: RHB Marcos Castillo
|
0-0: Ball 1-0: Called Strike 1-1: Ball 2-1: Swinging Strike 2-2: Strikes out looking
|
Batting: RHB António Magana
|
0-0: Called Strike 0-1: Foul Ball, location: 2F 0-2: Foul Ball, location: 2F 0-2: Ball 1-2: Foul Ball, location: 2F 1-2: Ball 2-2: Foul Ball, location: 2F 2-2: Strikes out swinging
|
Batting: RHB Vern Carlton
|
0-0: Called Strike 0-1: Foul Ball, location: 2F 0-2: DOUBLE (Line Drive, 78D)
|
Pitching: RHP Germán Arredondo
|
|
Batting: RHB Max Jones
|
0-0: Ball 1-0: Foul Ball, location: 2F 1-1: Called Strike 1-2: Fly out, F6 (Popup, 5D)
|
Bottom of the 7th over - 0 run(s), 1 hit(s), 0 error(s), 1 left on base; Wisconsin 4 - Cape Cod 0 |
TOP OF THE 8TH |
Wisconsin Timber Rattlers batting - Pitching for Cape Cod Clams : RHP Alberto Parra
|
Pitching: RHP Claudio Rivera
|
|
Batting: RHB Dick Slagboom
|
0-0: Called Strike 0-1: Ball 1-1: Swinging Strike 1-2: Strikes out swinging
|
Batting: LHB George Smith
|
0-0: Foul Ball, location: 2F 0-1: Fly out, F9 (Flyball, 9)
|
Batting: RHB Vicente Vélez
|
0-0: Called Strike 0-1: Foul Ball, location: 2F 0-2: Strikes out swinging
|
Top of the 8th over - 0 run(s), 0 hit(s), 0 error(s), 0 left on base; Wisconsin 4 - Cape Cod 0 |
BOTTOM OF THE 8TH |
Cape Cod Clams batting - Pitching for Wisconsin Timber Rattlers : RHP Germán Arredondo
|
Batting: RHB Gerald Burnett
|
0-0: SINGLE (Groundball, 6D)
|
Batting: LHB Sixto Cantú
|
0-0: Fly out, F8 (Flyball, 78M)
|
Batting: RHB Carlos García
|
0-0: SINGLE (Line Drive, 7S) Gerald Burnett to second
|
Pitching: RHP Manuel González
|
|
Batting: LHB Tom Waller
|
0-0: Ball 1-0: Swinging Strike 1-1: Ball 2-1: SINGLE (Line Drive, 34D) Gerald Burnett to third Carlos García to second Runner from 3rd tries for Home, SAFE, throw made home
|
Batting: RHB Danny Crouch
|
0-0: Ball 1-0: Foul Ball, location: 2F 1-1: Ball 2-1: Ball 3-1: Called Strike 3-2: Base on Balls Carlos García to third Tom Waller to second
|
Pinch Hitting: SHB Andrés Díaz
|
0-0: Ball 1-0: Called Strike 1-1: Ball 2-1: Foul Ball, location: 2F 2-2: Foul Ball, location: 2F 2-2: GRAND SLAM HOME RUN (Line Drive, 8LXD), Distance : 434 ft
|
Pitching: RHP John Thompson
|
|
Batting: RHB António Magana
|
0-0: Swinging Strike 0-1: Ball 1-1: Foul Ball, location: 2F 1-2: Strikes out swinging
|
Batting: RHB Vern Carlton
|
0-0: Ground out 5-3 (Groundball, 56S)
|
Bottom of the 8th over - 5 run(s), 4 hit(s), 0 error(s), 0 left on base; Wisconsin 4 - Cape Cod 5 |
TOP OF THE 9TH |
Wisconsin Timber Rattlers batting - Pitching for Cape Cod Clams : RHP Claudio Rivera
|
Pitching: RHP Juan Reyes
|
|
Now at 2B: Andrés Díaz
|
|
Now in RF: Tony O'Bryan
|
|
Batting: RHB Shawn Marshall
|
0-0: Ball 1-0: Ball 2-0: Fly out, F8 (Flyball, 8RM)
|
Batting: RHB William Farmer
|
0-0: Ground out 5-3 (Groundball, 56S)
|
Batting: RHB Bailey Ramsey
|
0-0: Foul Ball, location: 2F 0-1: SINGLE (Flyball, 4D)
|
Batting: RHB Danny Campbell
|
0-0: DOUBLE (Flyball, 9D) Bailey Ramsey to third Runner from 3rd tries for Home, SAFE, no throw
|
Batting: SHB José López
|
0-0: Ball 1-0: Swinging Strike 1-1: Swinging Strike 1-2: Strikes out swinging
|
Top of the 9th over - 1 run(s), 2 hit(s), 0 error(s), 1 left on base; Wisconsin 5 - Cape Cod 5 |
BOTTOM OF THE 9TH |
Cape Cod Clams batting - Pitching for Wisconsin Timber Rattlers : RHP John Thompson
|
Pitching: LHP Sergio Vargas
|
|
Batting: RHB Max Jones
|
0-0: Called Strike 0-1: Ball 1-1: SINGLE (Flyball, 7S)
|
Batting: RHB Gerald Burnett
|
0-0: Sac Bunt - play at first, batter OUT! 5-4 Max Jones to second
|
Pinch Hitting: RHB Yasuhiro Kobayashi
|
0-0: Intentional Walk
|
Pinch Hitting: RHB Kenny Cole
|
0-0: Called Strike 0-1: Ball 1-1: Swinging Strike 1-2: Ball 2-2: Foul Ball, location: 2F 2-2: Foul Ball, location: 2F 2-2: Grounds into double play, 1-4-3 (Groundball, 15S)
|
Bottom of the 9th over - 0 run(s), 1 hit(s), 0 error(s), 1 left on base; Wisconsin 5 - Cape Cod 5 |
TOP OF THE 10TH |
Wisconsin Timber Rattlers batting - Pitching for Cape Cod Clams : RHP Juan Reyes
|
Now at 1B: Yasuhiro Kobayashi
|
|
Now in LF: Kenny Cole
|
|
Batting: RHB Greg King
|
0-0: Ball 1-0: Ball 2-0: Called Strike 2-1: Ball 3-1: Called Strike 3-2: Fly out, F3 (Popup, 3D)
|
Batting: RHB Dick Slagboom
|
0-0: Ball 1-0: Ball 2-0: Called Strike 2-1: Foul Ball, location: 2F 2-2: Ball 3-2: Base on Balls
|
Batting: LHB George Smith
|
0-0: Ball 1-0: Ball 2-0: Ball 3-0: Called Strike 3-1: Base on Balls Dick Slagboom to second
|
Batting: RHB Vicente Vélez
|
0-0: Foul Ball, location: 2F 0-1: Swinging Strike 0-2: Strikes out swinging
|
Batting: RHB Shawn Marshall
|
0-0: Called Strike 0-1: Ball 1-1: Ball 2-1: Foul Ball, location: 2F 2-2: Ball 3-2: Strikes out swinging
|
Top of the 10th over - 0 run(s), 0 hit(s), 0 error(s), 2 left on base; Wisconsin 5 - Cape Cod 5 |
BOTTOM OF THE 10TH |
Cape Cod Clams batting - Pitching for Wisconsin Timber Rattlers : LHP Sergio Vargas
|
Batting: LHB Tom Waller
|
0-0: Swinging Strike 0-1: Called Strike 0-2: Foul Ball, location: 2F 0-2: Strikes out swinging
|
Batting: RHB Danny Crouch
|
0-0: Ball 1-0: Called Strike 1-1: Swinging Strike 1-2: Ball 2-2: Strikes out swinging
|
Pinch Hitting: RHB Andrew Good
|
0-0: Foul Ball, location: 2F 0-1: Called Strike 0-2: Foul Ball, location: 2F 0-2: Ball 1-2: Strikes out swinging
|
Bottom of the 10th over - 0 run(s), 0 hit(s), 0 error(s), 0 left on base; Wisconsin 5 - Cape Cod 5 |
TOP OF THE 11TH |
Wisconsin Timber Rattlers batting - Pitching for Cape Cod Clams : RHP Juan Reyes
|
Pitching: RHP Mario González
|
|
Now at 2B: Ed Dale
|
|
Batting: RHB William Farmer
|
0-0: Called Strike 0-1: Ball 1-1: Ball 2-1: Ground out 6-3 (Groundball, 6)
|
Batting: RHB Bailey Ramsey
|
0-0: Ground out 6-3 (Groundball, 6)
|
Batting: RHB Danny Campbell
|
0-0: Ball 1-0: Called Strike 1-1: Called Strike 1-2: Ball 2-2: Strikes out looking
|
Top of the 11th over - 0 run(s), 0 hit(s), 0 error(s), 0 left on base; Wisconsin 5 - Cape Cod 5 |
BOTTOM OF THE 11TH |
Cape Cod Clams batting - Pitching for Wisconsin Timber Rattlers : LHP Sergio Vargas
|
Pitching: RHP Andy Parker
|
|
Batting: RHB António Magana
|
0-0: Ball 1-0: Called Strike 1-1: Fly out, F4 (Line Drive, 4)
|
Batting: RHB Vern Carlton
|
0-0: Ball 1-0: Ball 2-0: Ball 3-0: Called Strike 3-1: Base on Balls
|
Batting: RHB Max Jones
|
0-0: Ball 1-0: Ball 2-0: Ball 3-0: SINGLE (Groundball, 6MD) Vern Carlton to second
|
Batting: RHB Gerald Burnett
|
0-0: Called Strike 0-1: Called Strike 0-2: Ball 1-2: Grounds into double play, 6-4-3 (Groundball, 6)
|
Bottom of the 11th over - 0 run(s), 1 hit(s), 0 error(s), 1 left on base; Wisconsin 5 - Cape Cod 5 |
TOP OF THE 12TH |
Wisconsin Timber Rattlers batting - Pitching for Cape Cod Clams : RHP Mario González
|
Pitching: RHP Patrick Doyle
|
|
Batting: SHB José López
|
0-0: Fly out, F8 (Line Drive, 8LS)
|
Batting: RHB Greg King
|
0-0: Ball 1-0: Ball 2-0: Ball 3-0: Called Strike 3-1: Base on Balls
|
Batting: RHB Dick Slagboom
|
0-0: Called Strike 0-1: Called Strike Greg King steals 2nd base 0-2: Foul Ball, location: 2F 0-2: Ball 1-2: Foul Ball, location: 2F 1-2: Ball 2-2: Ball 3-2: Fly out, F9 (Flyball, 9)
|
Batting: LHB George Smith
|
0-0: Foul Ball, location: 2F 0-1: Swinging Strike 0-2: Strikes out swinging
|
Top of the 12th over - 0 run(s), 0 hit(s), 0 error(s), 1 left on base; Wisconsin 5 - Cape Cod 5 |
BOTTOM OF THE 12TH |
Cape Cod Clams batting - Pitching for Wisconsin Timber Rattlers : RHP Andy Parker
|
Batting: RHB Yasuhiro Kobayashi
|
0-0: Ball 1-0: Foul Ball, location: 2F 1-1: Foul Ball, location: 2F 1-2: Ball 2-2: Ball 3-2: Fly out, F8 (Flyball, 8RS)
|
Batting: RHB Kenny Cole
|
0-0: Ball 1-0: Ball 2-0: TRIPLE (Flyball, 8LXD)
|
Batting: LHB Tom Waller
|
0-0: Intentional Walk
|
Batting: RHB Danny Crouch
|
0-0: Foul Ball, location: 2F 0-1: Swinging Strike 0-2: Strikes out swinging
|
Pinch Hitting: RHB John Pick
|
0-0: Ball 1-0: Called Strike 1-1: Foul Ball, location: 2F 1-2: Foul Ball, location: 2F 1-2: Strikes out swinging
|
Bottom of the 12th over - 0 run(s), 1 hit(s), 0 error(s), 2 left on base; Wisconsin 5 - Cape Cod 5 |
TOP OF THE 13TH |
Wisconsin Timber Rattlers batting - Pitching for Cape Cod Clams : RHP Patrick Doyle
|
Now at 2B: John Pick
|
|
Batting: RHB Vicente Vélez
|
0-0: Foul Ball, location: 2F 0-1: Ball 1-1: Ball 2-1: Foul Ball, location: 2F 2-2: SINGLE (Groundball, 6MD)
|
Batting: RHB Shawn Marshall
|
0-0: Ball 1-0: Foul Ball, location: 2F 1-1: Ball 2-1: Ball 3-1: Foul Ball, location: 2F 3-2: Foul Ball, location: 2F 3-2: Foul Ball, location: 2F 3-2: Strikes out swinging
|
Batting: RHB William Farmer
|
0-0: Called Strike 0-1: Foul Ball, location: 2F 0-2: Strikes out swinging
|
Batting: RHB Bailey Ramsey
|
0-0: 2-RUN HOME RUN (Flyball, 78XD), Distance : 409 ft
|
Pitching: RHP Raúl Flores
|
|
Batting: RHB Danny Campbell
|
0-0: Ball 1-0: Ball 2-0: Ball 3-0: Swinging Strike 3-1: Base on Balls
|
Batting: SHB José López
|
0-0: Ball 1-0: Ball 2-0: Ball 3-0: Base on Balls Danny Campbell to second
|
Batting: RHB Greg King
|
0-0: Called Strike 0-1: Foul Ball, location: 2F 0-2: Foul Ball, location: 2F 0-2: Ball 1-2: Ball 2-2: Strikes out swinging
|
Top of the 13th over - 2 run(s), 2 hit(s), 0 error(s), 2 left on base; Wisconsin 7 - Cape Cod 5 |
BOTTOM OF THE 13TH |
Cape Cod Clams batting - Pitching for Wisconsin Timber Rattlers : RHP Andy Parker
|
Batting: RHB António Magana
|
0-0: Foul Ball, location: 2F 0-1: Fly out, F3 (Flyball, 3DF)
|
Batting: RHB Vern Carlton
|
0-0: Called Strike 0-1: Foul Ball, location: 2F 0-2: Ball 1-2: Foul Ball, location: 2F 1-2: Ground out 6-3 (Groundball, 6)
|
Batting: RHB Max Jones
|
0-0: Ground out 6-3 (Groundball, 56)
|
Bottom of the 13th over - 0 run(s), 0 hit(s), 0 error(s), 0 left on base; Wisconsin 7 - Cape Cod 5 |
|